 Dungeon Crawl Stone Soup version 0.30-a0-459-g9104f0fc43 (webtiles) character file.

Game seed: 9116060833681861515

40870 greenreed the Fighter (level 14, -17/120 HPs)
             Began as a Formicid Fighter on Dec 15, 2022.
             Was a High Priest of Nemelex Xobeh.
             Demolished by an orc knight
             ... wielding a +0 battleaxe
              (28 damage)
             ... on level 15 of the Dungeon.
             The game lasted 00:45:47 (18153 turns).

greenreed the Fighter (Formicid Fighter)           Turns: 18153, Time: 00:45:48

Health: -17/120    AC: 10    Str: 29    XL:     14   Next: 47%
Magic:  21/21      EV: 14    Int:  8    God:    Nemelex Xobeh [*****.]
Gold:   1062       SH:  6    Dex: 19    Spells: 13/13 levels left

rFire   . . .      SeeInvis +    o - +3 greatsling "Punk" {acid, rCorr}
rCold   . . .      Faith    .    c - +0 buckler
rNeg    . . .      Spirit   .    p - +2 robe of the Orb Guardian {rPois rCorr Str+3 Archmagi}
rPois   +          Reflect  .    (helmet unavailable)
rElec   .          Harm     .    U - scarf {repulsion}
rCorr   +          Rampage  .    K - +0 pair of gloves
Will    +....      Archmagi +    z - +0 pair of boots
Stlth   +++.......               i - amulet of the acrobat
HPRegen 0.40/turn                w - +4 ring of protection
MPRegen 0.17/turn                Z - +6 ring of dexterity

@: repel missiles
A: permanent stasis, dig shafts and tunnels, antennae 3, four strong arms
a: Dig, Shaft Self, Renounce Religion, Draw Escape, Draw Destruction, Draw
Summoning, Triple Draw, Deal Four, Stack Five


You were on level 15 of the Dungeon.
You worshipped Nemelex Xobeh.
Nemelex Xobeh was extremely pleased with you.
You visited 2 branches of the dungeon, and saw 16 of its levels.
You also visited: Ossuary.

You collected 1062 gold pieces.

Inventory:

Hand Weapons
 o - the +3 greatsling "Punk" (weapon) {acid, rCorr}
   (You found it on level 2 of the Dungeon)

   Any ammunition fired from it is coated in acid, damaging and corroding those
   it strikes.
   rCorr:     It protects you from acid and corrosion.
 A - a +0 halberd
 F - a +2 spear of pain
 O - a +0 glaive
Missiles
 l - 6 atropa-tipped darts
 H - 19 poisoned darts
 W - a throwing net
Armour
 c - a +0 buckler (worn)
 p - the +2 robe of the Orb Guardian (worn) {rPois rCorr Str+3 Archmagi}
   (You found it on level 2 of the Dungeon)

   Str:       It affects your strength (+3).
   rPois:     It protects you from poison.
   rCorr:     It protects you from acid and corrosion.
   Archmagi:  It increases the power of your magical spells.
 z - a +0 pair of boots (worn)
 E - the +3 scale mail "Peont" {Rampage}
   (You found it on level 7 of the Dungeon)

   Rampage:   It bestows one free step when moving towards enemies.
 K - a +0 pair of gloves (worn)
 U - a scarf of repulsion (worn)
Jewellery
 b - a ring of resist corrosion
 i - an amulet of the acrobat (around neck)
 w - a +4 ring of protection (left hand)
 J - a ring of wizardry
 M - a ring of magical power
 Y - an amulet of guardian spirit
 Z - a +6 ring of dexterity (right hand)
Wands
 C - a wand of iceblast (20)
 N - a wand of flame (5)
 Q - a wand of polymorph (13)
 S - a wand of paralysis (9)
 X - a wand of quicksilver (3)
Scrolls
 e - 2 scrolls of poison
 f - 5 scrolls of amnesia {unknown}
 g - 11 scrolls of teleportation
 j - 2 scrolls of torment
 k - 2 scrolls of magic mapping
 u - a scroll of fear
 v - 3 scrolls of vulnerability
 x - 3 scrolls of enchant weapon
 y - 4 scrolls of enchant armour {unknown}
 B - 2 scrolls of immolation {unknown}
 G - 2 scrolls of silence {unknown}
 I - 2 scrolls of noise {unknown}
 L - 4 scrolls of identify
 R - 2 scrolls of summoning
 T - a scroll of brand weapon {unknown}
Potions
 a - a potion of magic {unknown}
 d - 2 potions of might
 h - 5 potions of flight {unknown}
 m - 3 potions of mutation {unknown}
 n - a potion of attraction {unknown}
 q - a potion of brilliance {unknown}
 r - 5 potions of curing
 s - 7 potions of heal wounds {unknown}
 t - 3 potions of haste {unknown}
 D - 2 potions of ambrosia {unknown}
 P - 3 potions of degeneration {unknown}
 V - a potion of lignification {unknown}


   Skills:
 * Level 14.1 Fighting
 * Level 10.8 Polearms
 + Level 13.6 Ranged Weapons
 + Level 0.1 Throwing
 + Level 3.7 Armour
 + Level 4.7 Dodging
 + Level 4.1 Stealth
 + Level 6.6 Shields
 * Level 10.3 Invocations


You had 13 spell levels left.
You didn't know any spells.
Your spell library contained the following spells:

 Spells                   Type           Power      Damage    Failure   Level
 Apportation              Tloc           0%         N/A       45%         1
 Necrotise                Necr           0%         1d4       45%         1
 Sandblast                Erth           0%         2d4       45%         1
 Sting                    Tmut/Pois      0%         1d3       45%         1
 Summon Small Mammal      Summ           0%         N/A       45%         1
 Ensorcelled Hibernation  Hex/Ice        0%         N/A       61%         2
 Momentum Strike          Conj/Tloc      0%         3d8       61%         2
 Passwall                 Tmut/Erth      0%         N/A       61%         2
 Poisonous Vapours        Pois/Air       0%         N/A       61%         2
 Call Canine Familiar     Summ           0%         N/A       83%         3
 Lesser Beckoning         Tloc           0%         N/A       83%         3
 Portal Projectile        Hex/Tloc       0%         N/A       83%         3
 Stone Arrow              Conj/Erth      0%         3d7       83%         3
 Anguish                  Hex/Necr       0%         N/A       99%         4
 Leda's Liquefaction      Hex/Erth       0%         N/A       99%         4
 Manifold Assault         Tloc           0%         N/A       99%         4
 Olgreb's Toxic Radiance  Pois           0%         N/A       99%         4
 Summon Ice Beast         Ice/Summ       0%         N/A       99%         4
 Summon Forest            Summ/Tloc      0%         N/A       100%        5
 Summon Mana Viper        Hex/Summ       0%         N/A       100%        5
 Summon Cactus Giant      Summ           0%         N/A       100%        6
 Enfeeble                 Hex            0%         N/A       100%        7
 Monstrous Menagerie      Summ           0%         N/A       100%        7
 Storm Form               Tmut/Air       0%         N/A       100%        7
 Blink                    Tloc           Unusable   N/A       N/A         2
 Swiftness                Air            Unusable   N/A       N/A         3

Dungeon Overview and Level Annotations

Branches:
Dungeon (15/15)            Temple (1/1) D:4            Lair (0/5) D:11
    Orc (0/2) D:12         Vaults (0/5) D:13        Ossuary (visited)
 Depths: D:15

Altars:
Ashenzari
Cheibriados
Dithmenos
Elyvilon
Fedhas
Gozag
Hepliaklqana
Kikubaaqudgha
Makhleb
Nemelex Xobeh
Okawaru
Qazlal
Ru
Sif Muna
Trog
Uskayaw
Vehumet
Wu Jian
Xom
Yredelemnul
Zin
The Shining One

Shops:
D:6 *   D:11 *   D:13 :

Annotations:
D:4 3 runed translucent doors, GiantSquids's ghost, novice TeHu
D:10 2 transporters, innerfire433's ghost, journeyman DsMo
D:15 2 transporters, Ganul's ghost, journeyman DsGl


Innate Abilities, Weirdness & Mutations

You cannot be hasted, slowed, berserked, paralysed or teleported.
You can dig through walls and to a lower floor.
You have a pair of large antennae on your head. (SInv)
Your four strong arms can wield two-handed weapons with a shield.


Message History

The warg barely misses you.
You shoot a sling bullet. The sling bullet hits the warg!
You kill the warg!
You shoot a sling bullet.
The sling bullet hits the orc knight but does no damage.
The orc knight is splashed with acid.
The acid corrodes the orc knight!
The orc knight is lightly wounded.
You shoot a sling bullet. The sling bullet hits the orc knight!
The orc knight is splashed with acid.
The orc knight seems to be corroded for longer.
The orc knight is moderately wounded.
The orc knight hits you with a +0 battleaxe!!
* * * LOW HITPOINT WARNING * * *
You feel better.
The orc wizard no longer looks unusually strong.
The orc knight roars a battlecry!
The orc wizard goes into a battle-frenzy!
You shoot a sling bullet.
The sling bullet barely misses the orc knight.
The sling bullet hits the orc wizard.
The orc wizard is splashed with acid.
The acid corrodes the orc wizard!
The orc wizard is heavily wounded.
The orc knight completely misses you.
You shoot a sling bullet.
The sling bullet barely misses the orc knight.
The sling bullet hits the orc wizard!
You kill the orc wizard!
You block the orc knight's attack.
You shoot a sling bullet.
The sling bullet closely misses the orc knight.
You shoot a sling bullet. The sling bullet hits the orc knight!
The orc knight is splashed with acid.
The orc knight seems to be corroded for longer.
The orc knight is severely wounded.
The orc knight hits you with a +0 battleaxe!!
* * * LOW HITPOINT WARNING * * *
You feel better.
The orc knight hits you with a +0 battleaxe!!
You die...
Your body disappears without a glow.

##...### #.##.##.# #...#
#.##.##.# #######
##^..######.......###..<..#
............).......#.....#
........)))##.#.###.......#
...).))<().#.###.####.....#
.# ##...########.#..#
#.....# .# ##...# ##.#.#
####### .. ##...### ###@#
###########.# #......# #o#
##..)....#...# #....#.#
#)###...o)........ #†.....#
#)#...~~≈~~≈~..~~~ #.###..#
#.(.#.≈######''### .#.##..#
#####.~#$.) #..# ##.....#
#.~#....#?.# .#.....#.#
#.≈#....'..)o. #..........
#.~#....#..#..


You could see an orc knight (strong, corroded).

Vanquished Creatures
  Nessos (D:12)
  4 hydras
  4 boulder beetles
  8 centaur warriors
  2 dancing weapons (D:13)
  Erica (D:11)
  A death knight (D:13)
  2 two-headed ogres
  A satyr (D:12)
  4 orc knights (D:15)
  A deep elf pyromancer (D:14)
  5 ugly things
  An orc sorcerer (D:15)
  4 manticores
  4 cyclopes
  An elephant (D:10)
  An eye of devastation (shapeshifter) (D:14)
  A gargoyle (D:11)
  Maggie (D:9)
  An unseen horror zombie (D:8)
  A komodo dragon (D:10)
  A freezing wraith (D:15)
  2 trolls
  A meliai (D:14)
  Grinder (D:4)
  A polar bear (shapeshifter) (D:14)
  15 slime creatures
  2 shadows
  2 wraiths (D:13)
  A wyvern (D:10)
  15 yaks
  2 basilisks (D:10)
  2 steam dragons
  A hog (shapeshifter) (D:14)
  10 vampire mosquitoes
  4 acid dragons
  5 wargs (D:15)
  A swamp worm (shapeshifter) (D:14)
  3 water moccasins (D:7)
  2 sky beasts
  2 ice beasts
  A black bear (D:11)
  9 orc warriors
  5 ogres
  3 boggarts (D:14)
  10 centaurs
  A phantom (D:6)
  A kobold brigand (D:7)
  2 elf zombies (Ossuary)
  2 bullfrogs
  A gnoll sergeant (D:7)
  A wyvern zombie (D:8)
  6 necrophages
  2 scorpions
  7 wights
  2 howler monkeys
  4 centaur zombies
  A human zombie (D:8)
  3 hounds
  A jelly (D:7)
  6 orc priests
  3 iguanas (D:5)
  11 orc wizards
  A killer bee zombie (D:8)
  3 mummies
  5 gnolls (D:7)
  7 adders
  A shadow imp (D:7)
  A white imp (D:7)
  An ufetubus (D:5)
  An adder zombie (Ossuary)
  A dart slug (D:4)
  52 orcs
  11 ball pythons
  4 endoplasms
  A giant cockroach (D:1)
  6 goblins
  7 hobgoblins
  3 jackals (D:3)
  3 quokkas
  2 bats (D:2)
  3 frilled lizards
  2 goblin zombies (Ossuary)
  13 hobgoblin zombies (Ossuary)
  3 jackal zombies (Ossuary)
  11 kobolds
  9 kobold zombies (Ossuary)
  5 orc zombies (Ossuary)
  4 rats
  A rat zombie (Ossuary)
365 creatures vanquished.

Vanquished Creatures (collateral kills)
  A death yak (D:10)
  Lodul (D:11)
  A vampire (D:12)
  A vampire mosquito (D:12)
  6 ogres (D:11)
10 creatures vanquished.

Vanquished Creatures (others)
  A vampire (D:14)
  A fungus (D:4)
  9 plants
11 creatures vanquished.

Grand Total: 386 creatures vanquished

Notes
Turn   | Place    | Note
-------+----------+-------------------------------------------
     0 | D:1      | greenreed the Formicid Fighter began the quest for the Orb.
     0 | D:1      | Reached XP level 1. HP: 18/18 MP: 1/1
    68 | D:1      | Reached XP level 2. HP: 25/25 MP: 2/2
   381 | D:1      | Found a faded altar of an unknown god.
   446 | D:1      | Reached skill level 4 in Fighting
  1031 | D:2      | Reached XP level 3. HP: 30/30 MP: 3/3
  1156 | D:2      | Found the +3 greatsling "Punk" {acid, rCorr}
  1202 | D:2      | Identified the +2 robe of the Orb Guardian {rPois rCorr
                  | Str+3 Archmagi}
  1409 | D:3      | Reached XP level 4. HP: 37/37 MP: 4/4
  1923 | D:4      | Found a staircase to the Ecumenical Temple.
  1948 | D:4      | Reached skill level 1 in Ranged Weapons
  1978 | D:4      | Found an iron altar of Okawaru.
  2133 | D:4      | Noticed a necrophage
  2136 | D:4      | Killed a necrophage
  2137 | D:4      | Reached XP level 5. HP: 43/43 MP: 5/5
  2176 | D:4      | Reached XP level 6. HP: 49/49 MP: 6/6
  2192 | D:4      | Noticed Grinder
  2198 | D:4      | Killed Grinder
  2199 | D:4      | Reached skill level 1 in Stealth
  2199 | D:4      | Reached XP level 7. HP: 55/55 MP: 7/7
  2295 | D:4      | Found a runed translucent gate.
  2296 | D:4      | Found a runed translucent gate.
  2296 | D:4      | Noticed GiantSquids's ghost (novice TeHu)
  2297 | D:4      | Found a runed translucent gate.
  2502 | D:4      | Reached skill level 5 in Fighting
  2764 | Temple   | Entered the Ecumenical Temple
  2890 | Temple   | Became a worshipper of Nemelex Xobeh the Trickster
  2929 | D:5      | Entered Level 5 of the Dungeon
  3011 | D:5      | Reached skill level 5 in Ranged Weapons
  3011 | D:5      | Reached skill level 1 in Invocations
  3099 | D:5      | Reached XP level 8. HP: 63/63 MP: 8/8
  3397 | D:5      | Reached skill level 6 in Fighting
  3707 | D:5      | Reached * piety under Nemelex Xobeh
  3898 | D:6      | Found a radiant altar of Vehumet.
  3916 | D:5      | Reached XP level 9. HP: 36/71 MP: 10/10
  4039 | D:6      | Reached skill level 5 in Polearms
  4218 | D:6      | Found a glowing golden altar of the Shining One.
  4293 | D:6      | Received a gift from Nemelex Xobeh
  4390 | D:6      | Reached skill level 7 in Fighting
  4570 | D:6      | Reached skill level 1 in Dodging
  4591 | D:6      | Found a snail-covered altar of Cheibriados.
  4757 | D:6      | Found Qegi's Assorted Antiques.
  4844 | D:6      | Found a shimmering blue altar of Sif Muna.
  5277 | D:7      | Reached ** piety under Nemelex Xobeh
  5311 | D:7      | Identified the +3 scale mail "Peont" {Rampage}
  5865 | D:7      | Identified the +9 short sword of Resourcefulness {freeze,
                  | *Noise rElec rC+++}
  6206 | D:8      | Found a broken altar of Ashenzari.
  6222 | D:8      | Reached XP level 10. HP: 75/80 MP: 13/13
  6226 | D:8      | Reached skill level 8 in Fighting
  6356 | D:8      | Reached skill level 5 in Invocations
  6403 | D:8      | Noticed a manticore
  6418 | D:8      | Killed a manticore
  6419 | D:8      | Reached skill level 5 in Shields
  6529 | D:8      | Found a sand-covered staircase.
  6535 | Ossuary  | Entered an ossuary
  7601 | D:8      | Found a basalt altar of Yredelemnul.
  7888 | D:9      | Noticed Maggie
  7895 | D:9      | Killed Maggie
  7896 | D:9      | Reached skill level 9 in Fighting
  7901 | D:9      | Found a shimmering altar of Xom.
  7964 | D:9      | Found a shimmering altar of Xom.
  7964 | D:9      | Noticed a two-headed ogre
  7964 | D:9      | Found a shimmering altar of Xom.
  7970 | D:9      | Killed a two-headed ogre
  7971 | D:9      | Reached XP level 11. HP: 60/89 MP: 15/15
  8055 | D:9      | Found a shimmering altar of Xom.
  8056 | D:9      | Found a shimmering altar of Xom.
  8215 | D:9      | Reached *** piety under Nemelex Xobeh
  8296 | D:9      | Identified the +4 dagger "Ischex" {flame, *Noise Fly Will+
                  | Dex+2}
  8409 | D:9      | Received a gift from Nemelex Xobeh
  8582 | D:10     | Entered Level 10 of the Dungeon
  8601 | D:10     | Noticed a two-headed ogre
  8611 | D:10     | Killed a two-headed ogre
  8620 | D:10     | Found a burning altar of Makhleb.
  8662 | D:10     | Noticed a centaur warrior
  8673 | D:10     | Killed a centaur warrior
  9105 | D:10     | Received a gift from Nemelex Xobeh
  9128 | D:10     | Noticed a tengu warrior
  9131 | D:10     | Noticed innerfire433's ghost (journeyman DsMo)
  9131 | D:10     | Noticed a two-headed ogre
  9133 | D:10     | Found a transporter.
  9136 | D:10     | Found a bloodstained altar of Trog.
  9136 | D:10     | Reached **** piety under Nemelex Xobeh
  9158 | D:10     | Found a transporter.
  9170 | D:10     | Noticed a moth of wrath
  9230 | D:10     | Reached skill level 10 in Fighting
  9529 | D:10     | Found a sacrificial altar of Ru.
  9676 | D:10     | Received a gift from Nemelex Xobeh
 10132 | D:11     | Noticed a cyclops
 10138 | D:11     | Killed a cyclops
 10139 | D:11     | Reached skill level 10 in Ranged Weapons
 10242 | D:11     | Found a staircase to the Lair.
 10242 | D:11     | Noticed an elephant
 10242 | D:11     | Noticed a death yak
 10276 | D:10     | Killed an elephant
 10451 | D:10     | Killed a death yak
 10640 | D:11     | Found Fethramer's Elemental Accessories.
 10667 | D:11     | HP: 3/92 [gargoyle/+0 dire flail (11)]
 10675 | D:11     | Reached XP level 12. HP: 12/98 MP: 17/17
 11107 | D:11     | Noticed Lodul
 11113 | D:11     | Killed Lodul
 11207 | D:11     | Noticed a boulder beetle
 11220 | D:11     | Killed a boulder beetle
 11221 | D:11     | Reached skill level 11 in Fighting
 11447 | D:11     | Noticed a boulder beetle
 11472 | D:11     | Killed a boulder beetle
 11593 | D:11     | Noticed Erica
 11600 | D:11     | Killed Erica
 11648 | D:11     | Received a gift from Nemelex Xobeh
 12024 | D:12     | Received a gift from Nemelex Xobeh
 12026 | D:12     | Noticed Nessos
 12031 | D:12     | Killed Nessos
 12551 | D:12     | Found a staircase to the Orcish Mines.
 12621 | D:12     | You fall into a shaft and drop 1 floor!
 12656 | D:13     | Noticed a death knight
 12662 | D:13     | Killed a death knight
 12702 | D:13     | Noticed a centaur warrior
 12708 | D:13     | Killed a centaur warrior
 12902 | D:12     | Reached ***** piety under Nemelex Xobeh
 13106 | D:12     | Reached XP level 13. HP: 107/107 MP: 19/19
 13123 | D:11     | Reached skill level 12 in Fighting
 13777 | D:13     | Noticed a seven-headed hydra
 13789 | D:12     | a seven-headed hydra changed into a satyr
 14378 | D:13     | Noticed a four-headed hydra
 14384 | D:13     | Killed a four-headed hydra
 14433 | D:13     | Identified the +0 leather armour of Luraph {Dex+2}
 14452 | D:13     | Found a gate to the Vaults.
 14468 | D:13     | Reached skill level 10 in Polearms
 14817 | D:13     | Found Hebi's Tremendous Tomes.
 14956 | D:13     | Received a gift from Nemelex Xobeh
 15141 | D:14     | Noticed a centaur warrior
 15153 | D:14     | Killed a centaur warrior
 15309 | D:14     | Noticed a centaur warrior
 15319 | D:14     | Killed a centaur warrior
 15509 | D:14     | Reached skill level 13 in Fighting
 16046 | D:14     | Noticed a centaur warrior
 16050 | D:14     | Killed a centaur warrior
 16293 | D:14     | Noticed a centaur warrior
 16299 | D:14     | Killed a centaur warrior
 16303 | D:14     | Noticed a centaur warrior
 16493 | D:14     | Reached XP level 14. HP: 67/118 MP: 21/21
 17351 | D:15     | Entered Level 15 of the Dungeon
 17360 | D:15     | Reached skill level 10 in Invocations
 17583 | D:15     | Noticed Ganul's ghost (journeyman DsGl)
 17584 | D:15     | Found a transporter.
 17596 | D:15     | Found a transporter.
 18086 | D:15     | Reached skill level 14 in Fighting
 18152 | D:15     | HP: 1/120 [orc knight/+0 battleaxe (34)]
 18153 | D:15     | Demolished by an orc knight

Illustrated notes

Levels and vault maps discovered:
D:1:      saegor_arrival_simple_e, layout_basic,
          hellmonk_ecumenical_altar_pennies_from_heaven
D:2:      layout_rooms
D:3:      layout_rooms
D:4:      layout_basic, okawaru_gym_becter, temple_statues,
          gammafunk_ghost_nasty_kobolds, uniq_grinder
D:5:      layout_loops_corners
D:6:      layout_basic, cheibriados_altar_1, overflow_temple_1_default,
          serial_shops, nicolae_take_the_stairs, hangedman_feature_mirror
D:7:      layout_layer_cave
D:8:      layout_loops_ring, amcnicky_altar_gilded,
          lemuel_mausoleum_altar_yredelemnul, nicolae_ossuary_entry_plus,
          minmay_misc_feat_columns, hangedman_decor_push
D:9:      layout_loops_ring, xom_redecorated, uniq_maggie
D:10:     layout_layer_cave, mainiacjoe_overflow_concentric_impassable,
          nicolae_ru_the_path_less_chosen, gammafunk_ghost_wrathful_warriors
D:11:     layout_rooms, david_lair_generic, nicolae_elemental_shop, uniq_lodul,
          uniq_erica
D:12:     layout_grid_maze, david_orc_4, uniq_nessos
D:13:     layout_irregular_city, erik_vaults_1, minmay_liquid_box,
          corner_web_ring, nicolae_shop_i_like_big_books
D:14:     nzn_winding_woodlands_small [nzn_winding_woodlands_5x15_sawtooth,
          nzn_winding_woodlands_center_lodge,
          nzn_winding_woodlands_5x15_lazy_stream], layout_cross,
          chequers_serial_rivers_micro_a, minivault_25,
          minmay_misc_feat_hallway, st_stairs_6
D:15:     grunt_enter_depths_hoard, layout_loops_cross, gammafunk_ghost_arena,
          nooodl_orcs_dogs
Temple:   nicolae_temple_great_sept

Skill      XL: |  1  2  3  4  5  6  7  8  9 10 11 12 13 14 |
---------------+-------------------------------------------+-----
Fighting       | 4 5 6 7 9 10 11 13 14 | 14.1
Ranged Weapons | 2 4 5 6 7 8 10 11 13 | 13.6
Polearms       | 3 4 6 8 9 10 | 10.8
Stealth        | 1 2 3 4 |  4.1
Invocations    | 1 2 4 6 7 8 9 10 | 10.3
Dodging        | 1 2 3 4 |  4.7
Shields        | 5 6 |  6.6
Throwing       | |  0.1
Armour         | |  3.7

Action                   |  1- 3 |  4- 6 |  7- 9 | 10-12 | 13-15 || total
-------------------------+-------+-------+-------+-------+-------++-------
Melee: Trident           |    67 |       |     2 |       |       ||    69
       Halberd           |       |       |    81 |    68 |       ||   149
       Spear             |       |       |    24 |    71 |       ||    95
       Glaive            |       |       |       |    13 |    14 ||    27
 Fire: Greatsling        |     9 |    51 |   133 |   455 |   432 ||  1080
Throw: Dart              |       |       |     1 |       |       ||     1
Invok: Draw Destruction  |       |       |       |     7 |     7 ||    14
       Draw Summoning    |       |       |       |     3 |       ||     3
       Draw Escape       |       |       |       |       |     1 ||     1
  Use: Scroll            |       |     6 |     2 |       |       ||     8
       Potion            |       |       |     1 |     5 |     2 ||     8
 Stab: Sleeping          |       |       |     1 |     2 |       ||     3
Armor: Scale mail        |    16 |       |       |       |       ||    16
       Robe              |     1 |     1 |    43 |    89 |    62 ||   196
Dodge: Dodged            |    29 |     5 |    53 |   151 |   205 ||   443
       Repelled          |       |       |       |     1 |     3 ||     4
Block: Buckler           |    13 |     2 |    26 |    57 |    59 ||   157

Table legend: (Time is in decaauts)
 A = Elapsed time spent in this place.
 B = Non-inter-level travel time spent in this place.
 C = Inter-level travel time spent in this place.
 D = Time resting spent in this place.
 E = Time spent auto-exploring this place.
 F = Levels seen in this place.
 G = Mean time per level.
                   A        B        C        D        E       F      G
               +--------+--------+--------+--------+--------+-----+--------+
         Total |  18139 |  17499 |    640 |    424 |  13993 |  17 | 1067.0 |
       Dungeon |  17614 |  16983 |    631 |    424 |  13723 |  15 | 1174.3 |
        Temple |    136 |    127 |      9 |      0 |     63 |   1 |  136.0 |
       Ossuary |    387 |    387 |      0 |      0 |    207 |   1 |  387.0 |
               +--------+--------+--------+--------+--------+-----+--------+

Top non-repeatable levels by time:
    D:12: 2072 daAuts
    D:10: 1756 daAuts
    D:13: 1726 daAuts
    D:11: 1608 daAuts
    D:14: 1544 daAuts
     D:7: 1337 daAuts
     D:8: 1228 daAuts
     D:5: 1109 daAuts
     D:1: 991 daAuts
     D:4: 942 daAuts
     D:6: 878 daAuts
    D:15: 768 daAuts
     D:9: 751 daAuts
     D:3: 476 daAuts
     D:2: 423 daAuts
